 Dungeon Crawl Stone Soup version 0.17-a0-2069-g0f4ee5b (webtiles) character file.

128 radek the Conjurer (level 4, -4/24 HPs)
             Began as a Deep Elf Conjurer on Oct 13, 2015.
             Slain by an ogre
             ... wielding a +0 giant club
              (28 damage)
             ... on level 4 of the Dungeon.
             The game lasted 00:18:01 (3572 turns).

radek the Conjurer (Deep Elf Conjurer)              Turns: 3572, Time: 00:18:01

Health: -4/24      AC:  2    Str:  6    XL:     4   Next: 86%
Magic:  3/10       EV: 13    Int: 20    God:
Gold:   213        SH:  0    Dex: 15    Spells: 1 memorised, 8 levels left

rFire  . . .     SeeInvis .     t - +0 hand axe (venom)
rCold  . . .     Clarity  .     k - +0 robe
rNeg   . . .     SustAt   .     (no shield)
rPois  .         Gourm    .     (no helmet)
rElec  .         Spirit   .     (no cloak)
rCorr  .         Warding  .     (no gloves)
rMut   .         Stasis   .     (no boots)
MR     +....                    v - amulet of faith
Stlth  ++........               (no ring)
                                r - ring of protection from magic

@: somewhat resistant to hostile enchantments, unstealthy
A: no striking features
a: no special abilities


You were on level 4 of the Dungeon.
You were hungry.

You visited 1 branch of the dungeon, and saw 4 of its levels.

You collected 213 gold pieces.

Inventory:

Hand Weapons
 e - a +0 short sword
 t - a +0 hand axe of venom (weapon)
Armour
 a - a +0 robe
 k - a +0 robe (worn)
 n - a +0 robe
Jewellery
 r - a ring of protection from magic (left hand)
 v - an amulet of faith (around neck)
Scrolls
 d - a scroll of enchant armour {unknown}
 g - a scroll of immolation {unknown}
 h - a scroll of identify {unknown}
 i - 3 scrolls of remove curse {unknown}
 m - a scroll of teleportation {unknown}
 o - a scroll of magic mapping {unknown}
 p - a scroll of enchant weapon {unknown}
 u - a scroll of amnesia {unknown}
Potions
 j - a potion of cancellation {unknown}
 l - 4 potions of curing {unknown}
 q - a potion of degeneration {unknown}
 w - 2 potions of brilliance {unknown}
Books
 b - a book of Conjurations

   Spells                             Type                      Level
   a - Magic Dart                     Conjuration                  1
   b - Searing Ray                    Conjuration                  2
   c - Dazzling Spray                 Conjuration/Hexes            3
   d - Fulminant Prism                Conjuration/Hexes            4
   e - Iskenderun's Mystic Blast      Conjuration                  4
   f - Iskenderun's Battlesphere      Conjuration/Charms           5
Comestibles
 c - 3 bread rations
 f - 4 meat rations
 s - 2 chunks of flesh


   Skills:
 - Level 0.2 Short Blades
 - Level 2.4 Dodging
 - Level 2.4 Stealth
 - Level 3.0 Spellcasting
 * Level 6.8 Conjurations


You had 8 spell levels left.
You knew the following spells:

 Your Spells              Type           Power        Failure   Level  Hunger
a - Magic Dart            Conj           ####         1%          1    None


Dungeon Overview and Level Annotations

Branches:
Dungeon (4/15)
 Temple: D:4-7

Altars:
Elyvilon
Yredelemnul
The Shining One

Annotations:
D:3 graki42's ghost, amateur DEFE


Message History

The ogre is severely wounded.
The ogre closely misses you.
Casting: Magic Dart
Confirm with . or Enter, or press ? or * to list all spells.
Aiming: Magic Dart
Press: ? - help, Shift-Dir - straight line, f/p - ogre
Aim: an ogre, wielding a giant club (severely wounded)
The magic dart hits the ogre.
The ogre is severely wounded.
You are feeling hungry.
Casting: Magic Dart
Confirm with . or Enter, or press ? or * to list all spells.
Aiming: Magic Dart
Press: ? - help, Shift-Dir - straight line, f/p - ogre
Aim: an ogre, wielding a giant club (severely wounded)
The magic dart hits the ogre.
The ogre is severely wounded.
The ogre hits you with a giant club!!
Ouch! That really hurt!
You die...

#..[..
#....
#.... #...
## #...#.#
#.?#.⌠
#.O.#
#@.##
###...##
+..<...#
###......#
###......
.....#
.....#
)....#
#####


You could see an ogre.

Vanquished Creatures
  A gnoll (D:3)
  5 adders
  A worm (D:2)
  2 giant geckos (D:3)
  5 orcs
  7 bats
  6 goblins
  5 hobgoblins
  12 jackals
  3 kobolds
  A ball python (D:3)
  2 giant cockroaches (D:3)
  6 giant newts
  A quokka (D:2)
  9 rats
66 creatures vanquished.

Notes
Turn   | Place    | Note
--------------------------------------------------------------
     0 | D:1      | radek the Deep Elf Conjurer began the quest for the Orb.
     0 | D:1      | Reached XP level 1. HP: 10/10 MP: 6/6
   394 | D:1      | Reached XP level 2. HP: 15/15 MP: 5/8
   429 | D:1      | Reached skill level 5 in Conjurations
  1359 | D:2      | Found a white marble altar of Elyvilon.
  1395 | D:2      | Reached XP level 3. HP: 19/19 MP: 4/9
  2210 | D:2      | Reached skill level 6 in Conjurations
  2530 | D:3      | Found a glowing golden altar of the Shining One.
  2533 | D:3      | Noticed an angel
  2584 | D:3      | Reached XP level 4. HP: 24/24 MP: 7/10
  3415 | D:3      | Found a basalt altar of Yredelemnul.
  3418 | D:3      | Noticed a profane servitor
  3534 | D:3      | Noticed graki42's ghost (amateur DEFE)
  3564 | D:4      | Noticed an ogre
  3572 | D:4      | Slain by an ogre

Vault maps used:
D:1:      dpeg_arrival_brainrot
D:2:      nicolae_overflow_hidden_temple
D:3:      forest_paths, grunt_temple_overflow_holy_war,
          nicolae_qazlal_style_of_elements
D:4:      grunt_dithmenos_smoke_and_mirrors, minmay_temple_entry_nine_rooms,
          first_bread, grunt_decor_mini_mirrors

Action                   |  1- 3 |  4- 6 || total
-------------------------+-------+-------++-------
Melee: Short sword       |    27 |       ||    27
 Cast: Magic Dart        |    77 |    61 ||   138
  Eat: Chunk             |     3 |       ||     3
       Bread ration      |     1 |       ||     1
